 Dungeon Crawl Stone Soup version 0.29-a0-40-g8eb35efe60 (webtiles) character file.

Game seed: 1670616236838029193

7269 ragingrage the Arsonist (level 11, -3/107 HPs)
             Began as an Ogre Fire Elementalist on Feb 1, 2022.
             Was a Believer of Vehumet.
             Slain by a troll (16 damage)
             ... on level 9 of the Dungeon.
             The game lasted 00:14:17 (12139 turns).

ragingrage the Arsonist (Ogre Fire Elementalist)   Turns: 12139, Time: 00:14:18

Health: -3/107     AC:  3    Str: 14    XL:     11   Next: 12%
Magic:  2/21       EV:  9    Int: 20    God:    Vehumet [**....]
Gold:   538        SH:  0    Dex:  9    Spells: 14/24 levels left

rFire   . . .      SeeInvis .   t - +4 dire flail (vorpal)
rCold   . . .      Faith    .   (shield currently unavailable)
rNeg    . . .      Spirit   .   a - +0 robe
rPois   .          Reflect  .   (helmet restricted)
rElec   .          Harm     .   (no cloak)
rCorr   .          Rampage  .   (gloves unavailable)
Will    +....                   (boots unavailable)
Stlth   +.........              g - amulet of regeneration
HPRegen 1.07/turn               h - ring of fire
MPRegen 0.17/turn               v - ring of ice

@: invisible (expiring)
A: large, unfitting armour, tough skin 1
a: Renounce Religion


You were on level 9 of the Dungeon.
You worshipped Vehumet.
Vehumet was pleased with you.
You visited 2 branches of the dungeon, and saw 10 of its levels.

You collected 538 gold pieces.

Inventory:

Hand Weapons
 b - a +2 whip of electrocution
 m - a +1 mace of holy wrath
 t - a +4 vorpal dire flail (weapon)
Missiles
 l - 24 poisoned darts
 w - 2 throwing nets
Armour
 a - a +0 robe (worn)
Jewellery
 g - an amulet of regeneration (around neck)
 h - a ring of fire (left hand)
 v - a ring of ice (right hand)
 y - an amulet of faith
 z - an amulet of the acrobat
 D - an amulet of reflection
Wands
 s - a wand of flame (41)
 H - a wand of polymorph (4)
Scrolls
 i - 2 scrolls of amnesia {unknown}
 j - a scroll of blinking {unknown}
 n - 7 scrolls of teleportation
 q - a scroll of vulnerability {unknown}
 r - 3 scrolls of identify
 u - a scroll of fog {unknown}
 B - a scroll of magic mapping {unknown}
 C - a scroll of enchant weapon {unknown}
Potions
 c - 3 potions of curing
 e - 2 potions of might
 f - a potion of heal wounds {unknown}
 k - 2 potions of ambrosia
 o - 2 potions of flight
 p - a potion of haste {unknown}
 x - a potion of resistance {unknown}
 A - a potion of brilliance {unknown}
 E - a potion of magic {unknown}
 F - 3 potions of mutation {unknown}
 G - a potion of degeneration {unknown}


   Skills:
 + Level 6.6 Fighting
 - Level 1.7 Dodging
 - Level 1.4 Stealth
 - Level 7.0 Spellcasting
 + Level 9.7 Conjurations
 + Level 10.1 Fire Magic


You had 14 spell levels left.
You knew the following spells:

 Your Spells              Type           Power      Damage    Failure   Level
a - Foxfire               Conj/Fire      100%       2x1d9     1%          1
b - Scorch                Fire           100%       2d10      1%          2
c - Conjure Flame         Conj/Fire      63%        6-21      1%          3
d - Sticky Flame          Conj/Fire      63%        2d8       1%          4

Your spell library contained the following spells:

 Spells                   Type           Power      Damage    Failure   Level
 Static Discharge         Conj/Air       26%        N/A       1%          2
 Magic Dart               Conj           100%       1d8       1%          1
 Flame Wave               Conj/Fire      63%        2d12      1%          4
 Inner Flame              Hex/Fire       40%        N/A       3%          3
 Stone Arrow              Conj/Erth      52%        3d10      3%          3
 Ignite Poison            Fire/Tmut/Pois 30%        N/A       7%          3
 Mephitic Cloud           Conj/Pois/Air  20%        N/A       8%          3
 Sandblast                Erth           14%        2d6       10%         1
 Fulminant Prism          Conj/Hex       13%        3d9       13%         4
 Call Imp                 Summ           7%         N/A       14%         2
 Passwall                 Tmut/Erth      5%         N/A       14%         2
 Tukima's Dance           Hex            7%         N/A       28%         3
 Airstrike                Air            3%         N/A       67%         4
 Anguish                  Hex/Necr       3%         N/A       67%         4
 Summon Forest            Summ/Tloc      3%         N/A       95%         5
 Summon Mana Viper        Hex/Summ       7%         N/A       95%         5
 Summon Cactus Giant      Summ           3%         N/A       100%        6
 Enfeeble                 Hex            3%         N/A       100%        7


Dungeon Overview and Level Annotations

Branches:
Dungeon (9/15)             Temple (1/1) D:6             Orc (0/2) D:9
   Lair: D:8-11

Altars:
Ashenzari
Cheibriados
Dithmenos
Elyvilon
Gozag
Kikubaaqudgha
Makhleb
Okawaru
Qazlal
Ru
Trog
Uskayaw
Vehumet
Wu Jian
Xom

Shops:
D:4 *   D:8 (

Annotations:
D:4 1 runed translucent door, Edmund; LobsterGuardian's ghost, amateur OpBr
D:7 1 exclusion, Joseph
D:8 exclusion: downstairs


Innate Abilities, Weirdness & Mutations

You are too large for most types of armour.
You have tough skin. (AC +1)


Message History

The two-headed ogre burns!
The two-headed ogre burns!
The two-headed ogre stops burning.
The centaur shoots an arrow.
The arrow hits the two-headed ogre!
You see here a scroll labelled TEBERU REURURE.
Found a potion of might.
The centaur shoots an arrow.
The arrow hits the two-headed ogre!
The two-headed ogre dies!
Your Fire Magic skill increases to level 10!
The centaur shoots an arrow.
You start resting.
A centaur is nearby!
Casting: Sticky Flame (mildly dangerous; 1% risk of failure)
Confirm with . or Enter, or press ? or * to list all spells.
Aiming: Sticky Flame (mildly dangerous; 1% risk of failure)
Press: ? - help, Shift-Dir - straight line, f - centaur
Aim: a centaur, wielding a +0 shortbow and quivering arrows (100% to hit)
You feel a surge of power!
The sticky flame hits the centaur.
The centaur is lightly wounded.
The centaur is covered in liquid flames!
The centaur burns!
The centaur unwields a +0 shortbow.
The centaur hits you.
* * * LOW HITPOINT WARNING * * *
The centaur kicks you but does no damage.
Casting: Sticky Flame (mildly dangerous; 1% risk of failure)
Confirm with . or Enter, or press ? or * to list all spells.
You feel a surge of power!
Flames lash the centaur.
The centaur is heavily wounded.
The centaur's fire resistance burns away.
The centaur burns!
The centaur barely misses you. The centaur closely misses you.
Unknown command.
Casting: Scorch (safe; 1% risk of failure)
Confirm with . or Enter, or press ? or * to list all spells.
You feel a surge of power!
Flames lash the centaur.
The centaur is burned terribly!
You kill the centaur!
Vehumet accepts your kill.
Unknown command.
You flicker for a moment.
The troll bites you!
You die...

#. #.........##....#
##.##.........##..#..
#.............##..#.#
#..#..........##.....
.............###..)#
#..........# #...#
#!).......# #...#
####.###T#.#.#.## #...#
.......@.#?#.#.#####...#
.....#####)#...)†......#
.## #.###...†....## #c#
#######.## #T# #.#
#.#########.###
#...T..........
##########.#### #Tc..#


You could see a troll.

Vanquished Creatures
  A skeletal warrior (D:9)
  A hornet (D:9)
  Grinder (D:5)
  7 yaks
  3 steam dragons
  An acid dragon (D:8)
  3 wargs (D:9)
  A water moccasin (D:5)
  A sky beast (D:5)
  2 ice beasts
  A hornet zombie (D:5)
  6 orc warriors
  3 ogres
  3 centaurs
  2 phantoms
  A bullfrog (D:8)
  A kobold brigand (D:9)
  Blork the orc (D:5)
  2 gnoll sergeants
  2 scorpions
  A wyvern zombie (D:6)
  A wyvern skeleton (D:7)
  6 killer bees (D:9)
  13 wights
  A howler monkey (D:5)
  3 bullfrog zombies (D:6)
  A jelly (D:5)
  3 hounds
  2 orc priests (D:8)
  2 gnoll shamans (D:5)
  3 centaur skeletons
  2 iguanas
  4 orc wizards
  A killer bee zombie (D:6)
  2 howler monkey skeletons
  23 gnolls
  12 adders
  2 shadow imps (D:5)
  A dart slug (D:2)
  17 orcs
  7 ball pythons
  3 bats
  5 endoplasms
  2 giant cockroaches (D:1)
  7 goblins
  5 hobgoblins
  13 kobolds
  2 quokkas
  6 frilled lizards
  5 rats
198 creatures vanquished.

Vanquished Creatures (others)
  A two-headed ogre (D:9)
  491 foxfires
492 creatures vanquished.

Grand Total: 690 creatures vanquished

Notes
Turn   | Place    | Note
-------+----------+-------------------------------------------
     0 | D:1      | ragingrage the Ogre Fire Elementalist began the quest for
                  | the Orb.
     0 | D:1      | Reached XP level 1. HP: 16/16 MP: 3/3
    27 | D:1      | Reached skill level 1 in Conjurations
   206 | D:1      | Reached XP level 2. HP: 24/24 MP: 3/5
   524 | D:1      | Reached skill level 3 in Fire Magic
   865 | D:1      | Reached XP level 3. HP: 31/31 MP: 2/7
   954 | D:1      | Found a faded altar of an unknown god.
  1498 | D:2      | Found a stormy altar of Qazlal.
  1807 | D:2      | Learned a level 2 spell: Scorch
  1811 | D:2      | Learned a level 3 spell: Conjure Flame
  2404 | D:3      | Reached XP level 4. HP: 36/39 MP: 1/9
  3751 | D:4      | Noticed Edmund
  3964 | D:4      | Found a runed translucent door.
  3975 | D:4      | Noticed LobsterGuardian's ghost (amateur OpBr)
  4111 | D:4      | Reached XP level 5. HP: 45/45 MP: 4/10
  4191 | D:4      | Found Ehuegoer's Overcharged Wands.
  4352 | D:5      | Entered Level 5 of the Dungeon
  4463 | D:5      | Noticed Blork the orc
  4467 | D:5      | Killed Blork the orc
  4468 | D:5      | Reached skill level 4 in Fire Magic
  4588 | D:5      | Noticed a phantom
  4595 | D:5      | Killed a phantom
  4596 | D:5      | Reached XP level 6. HP: 53/53 MP: 3/12
  4679 | D:5      | Noticed an ice beast
  4710 | D:6      | Noticed a sky beast
  4825 | D:5      | Learned a level 4 spell: Sticky Flame
  4891 | D:5      | Reached skill level 5 in Spellcasting
  4902 | D:5      | Reached XP level 7. HP: 21/59 MP: 0/14
  5321 | D:5      | Noticed Grinder
  5327 | D:5      | Killed Grinder
  5328 | D:5      | Reached skill level 5 in Fire Magic
  5643 | D:5      | Reached XP level 8. HP: 32/67 MP: 1/17
  6037 | D:6      | Reached skill level 5 in Conjurations
  6147 | D:6      | Noticed a yak
  6147 | D:6      | Noticed a yak
  6147 | D:6      | Noticed a yak
  6147 | D:6      | Noticed a yak
  6161 | D:6      | Killed a yak
  6171 | D:5      | Killed a yak
  6172 | D:5      | Reached skill level 6 in Fire Magic
  6204 | D:5      | Killed a yak
  6350 | D:6      | Killed a yak
  6351 | D:6      | Reached XP level 9. HP: 72/74 MP: 12/19
  6747 | D:6      | Reached skill level 7 in Fire Magic
  7489 | D:6      | Found a staircase to the Ecumenical Temple.
  7547 | Temple   | Entered the Ecumenical Temple
  7584 | Temple   | Became a worshipper of Vehumet
  8027 | D:7      | Reached skill level 8 in Fire Magic
  8033 | D:7      | Noticed Joseph
  8533 | D:7      | Found a bloodstained altar of Trog.
  8533 | D:7      | Found a snail-covered altar of Cheibriados.
  8555 | D:7      | Reached XP level 10. HP: 71/81 MP: 13/20
  9048 | D:7      | Noticed a cyclops
  9150 | D:8      | Reached skill level 9 in Fire Magic
  9180 | D:8      | Reached * piety under Vehumet
  9180 | D:8      | Offered knowledge of Shock by Vehumet.
  9181 | D:8      | Reached skill level 1 in Fighting
  9295 | D:8      | Got the Collected Works on Floating Arcane Weapons
  9775 | D:8      | Found an iron altar of Okawaru.
  9775 | D:8      | Found a white marble altar of Elyvilon.
 10070 | D:7      | Found a shadowy altar of Dithmenos.
 10492 | D:8      | Found Tagoic's Weapon Boutique.
 10651 | D:8      | Found a burning altar of Makhleb.
 11035 | D:9      | Noticed an eight-headed hydra
 11301 | D:9      | Noticed a skeletal warrior
 11324 | D:9      | Killed a skeletal warrior
 11454 | D:9      | Reached skill level 5 in Fighting
 11514 | D:9      | Found a staircase to the Orcish Mines.
 11819 | D:9      | Reached ** piety under Vehumet
 11831 | D:9      | Offered knowledge of Static Discharge by Vehumet.
 12001 | D:9      | Reached XP level 11. HP: 105/105 MP: 10/21
 12103 | D:9      | Noticed a two-headed ogre
 12110 | D:9      | Paralysed by a hornet for 2 turns
 12125 | D:9      | HP: 2/105 [two-headed ogre (15)]
 12131 | D:9      | Killed a two-headed ogre
 12132 | D:9      | Reached skill level 10 in Fire Magic
 12139 | D:9      | Slain by a troll

Illustrated notes

Levels and vault maps discovered:
D:1:      dpeg_arrival_rooms_b, layout_loops_ring,
          nicolae_ecumenical_snake_handling
D:2:      layout_loops_corners, basic_altar
D:3:      layout_basic
D:4:      layout_cave_pods, ebering_ghost_sewer_d,
          nicolae_shop_overcharged_wands, uniq_edmund
D:5:      layout_basic, minmay_misc_feat_cross, minmay_misc_feat_rows,
          uniq_grinder, uniq_blork_the_orc
D:6:      layout_rooms, minmay_temple_entry_junction, minmay_alternating_orb
D:7:      wander_river, layout_basic, gammafunk_temple_overflow_claw,
          st_stairs_8, minmay_manual_mail, uniq_joseph
D:8:      layout_gridville, makhleb_blood_cavern_becter,
          gammafunk_temple_overflow_pools, serial_shops, shop
D:9:      layout_loops_ring, minmay_orc_entry_guard_dogs, nicolae_rejected_hall
Temple:   eino_temple_scatter_basement

Skill      XL: |  1  2  3  4  5  6  7  8  9 10 11 |
---------------+----------------------------------+-----
Conjurations   | 1 2 3 4 6 8 9 |  9.7
Fire Magic     | 3 4 5 6 8 9 10 | 10.1
Spellcasting   | 3 4 5 6 7 |  7.0
Fighting       | 5 6 |  6.6
Dodging        | |  1.7
Stealth        | |  1.4

Action                   |  1- 3 |  4- 6 |  7- 9 | 10-12 || total
-------------------------+-------+-------+-------+-------++-------
Melee: Unarmed           |     9 |       |       |       ||     9
       Dagger            |    47 |       |       |       ||    47
       Mace              |       |    15 |       |       ||    15
       Dire flail        |       |     5 |    27 |    32 ||    64
 Cast: Foxfire           |    60 |    68 |    79 |    94 ||   301
       Scorch            |     5 |    17 |    62 |    54 ||   138
       Sticky Flame      |       |       |    32 |    27 ||    59
  Use: Potion            |       |       |     6 |     1 ||     7
       Scroll            |       |       |     3 |       ||     3
 Stab: Invisible         |       |       |     1 |       ||     1
Armor: Robe              |    22 |    12 |    32 |    17 ||    83
       Skin              |       |       |     4 |       ||     4
Dodge: Dodged            |    34 |    24 |    97 |    32 ||   187

Table legend: (Time is in decaauts)
 A = Elapsed time spent in this place.
 B = Non-inter-level travel time spent in this place.
 C = Inter-level travel time spent in this place.
 D = Time resting spent in this place.
 E = Time spent auto-exploring this place.
 F = Levels seen in this place.
 G = Mean time per level.
                   A        B        C        D        E       F      G
               +--------+--------+--------+--------+--------+-----+--------+
         Total |  12189 |  11577 |    612 |   2948 |   6816 |  10 | 1218.9 |
       Dungeon |  12135 |  11540 |    595 |   2948 |   6792 |   9 | 1348.3 |
        Temple |     54 |     38 |     16 |      0 |     24 |   1 |   54.0 |
               +--------+--------+--------+--------+--------+-----+--------+

Top non-repeatable levels by time:
     D:5: 2363 daAuts
     D:8: 1848 daAuts
     D:3: 1421 daAuts
     D:6: 1404 daAuts
     D:1: 1292 daAuts
     D:7: 1087 daAuts
     D:9: 1075 daAuts
     D:2: 911 daAuts
     D:4: 730 daAuts
  Temple: 54 daAuts
